 Dungeon Crawl Stone Soup version 0.31-a0-231-g51bb95cda3 (webtiles) character file.

Game seed: 15949759914385819461

1285 qw the Skirmisher (level 8, -8/68 HPs)
             Began as a Minotaur Hexslinger on July 6, 2023.
             Was a Follower of Okawaru.
             Mangled by a gnoll
             ... wielding a +0 halberd
             ... led by a gnoll bouda
              (12 damage)
             ... on level 7 of the Dungeon.
             The game lasted 00:01:54 (5101 turns).

qw the Skirmisher (Minotaur Hexslinger)             Turns: 5101, Time: 00:01:54

Health: -8/68      AC: 12    Str: 10 (13) XL:     8   Next: 29%
Magic:  6/8        EV: 13    Int:  7      God:    Okawaru [*.....]
Gold:   1230       SH:  0    Dex: 16 (19) Spells: 8/9 levels left

rFire   . . .        Y - +0 arbalest
rCold   . . .        (shield currently unavailable)
rNeg    . . .        d - +0 ring mail
rPois   .            (helmet restricted)
rElec   .            i - +0 cloak
rCorr   .            l - +2 pair of gloves "Miletic" {Int-3 Dex+4}
SInv    .            h - +0 pair of boots
Will    .....        r - amulet of regeneration
Stlth   ++           (no ring)
HPRegen 1.11/turn    (no ring)
MPRegen 0.11/turn

%: no passive effects
@: heroic
A: horns 2, retaliatory headbutt, low MP 1
a: Renounce Religion, Heroism


You were on level 7 of the Dungeon.
You worshipped Okawaru.
Okawaru was aware of your devotion.
You visited 2 branches of the dungeon, and saw 8 of its levels.
You also visited: Ossuary.

You collected 1230 gold pieces.


Innate Abilities, Weirdness & Mutations

You have a pair of horns on your head.
You reflexively headbutt those who attack you in melee.
Your magical capacity is low. (-10% MP)


   Skills:
 - Level 5.0(10.0) Fighting
 - Level 9.0(14.0) Ranged Weapons
 + Level 2.5(7.5) Armour
 - Level 2.2(7.2) Dodging
 - Level 1.0 Spellcasting
 - Level 2.0 Hexes
 + Level 3.5 Invocations


You had 8 spell levels left.
You knew the following spells:

 Your Spells              Type           Power      Damage    Failure   Level
a - Slow                  Hex            12%        N/A       38%         1

Your spell library contained the following spells:

 Spells                   Type           Power      Damage    Failure   Level
 Inner Flame              Hex/Fire       1%         N/A       88%         3
 Portal Projectile        Hex/Tloc       2%         N/A       88%         3
 Cause Fear               Hex            1%         N/A       99%         4

Inventory:

Hand Weapons
 Y - a +0 arbalest (weapon)
Armour
 d - a +0 ring mail (worn)
 h - a +0 pair of boots (worn)
 i - a +0 cloak (worn)
 l - the +2 pair of gloves "Miletic" (worn) {Int-3 Dex+4}
   (You acquired it in an ossuary)

   Int:       It affects your intelligence (-3).
   Dex:       It affects your dexterity (+4).
Jewellery
 r - an amulet of regeneration (around neck)
Scrolls
 b - a scroll of identify
Potions
 c - a potion of might {unknown}
 e - a potion of cancellation {unknown}
 j - a potion of resistance {unknown}
 k - 2 potions of curing
 m - a potion of mutation
 n - a potion of enlightenment {unknown}
 p - a potion of ambrosia {unknown}

Dungeon Overview and Level Annotations

Branches:
Dungeon (7/15)             Temple (1/1) D:4         Ossuary (visited)

Altars:
Ashenzari
Cheibriados
Dithmenos
Elyvilon
Gozag
Hepliaklqana
Kikubaaqudgha
Makhleb
Nemelex Xobeh
Okawaru
Qazlal
Ru
Sif Muna
Trog
Uskayaw
Vehumet
Wu Jian
Xom
Yredelemnul

Shops:
D:7 (


Message History

5097 ||| DRINKING potion of heal wounds.
You feel much better. The gnoll closely misses you.
The gnoll hits you with a +0 club. The gnoll closely misses you.
The gnoll bouda hits you with a +0 club.
The gnoll hits you but does no damage. The gnoll barely misses you. x2
You shoot a bolt. The bolt hits the gnoll!
You kill the gnoll!
Okawaru accepts your kill.
Your attacks no longer feel as feeble.
The gnoll is no longer moving quickly.
The gnoll closely misses you. The gnoll hits you but does no damage.
The gnoll bouda barks out a call to the hunt!
The gnoll picks up the pace!
The gnoll barely misses you.
The gnoll hits you from afar with a +0 halberd!
The gnoll throws a stone.
The stone hits you but does no damage. The gnoll barely misses you. x2
Your base Ranged Weapons skill increases to level 9!
You shoot a bolt. The bolt hits the gnoll bouda!
The gnoll bouda is severely wounded.
You feel like a meek peon again.
The gnoll bouda hits you with a +0 club.
The gnoll hits you but does no damage. The gnoll barely misses you.
The gnoll closely misses you. The gnoll hits you with a +0 flail!
The gnoll hits you but does no damage.
The gnoll bouda hits you with a +0 club.
5100 ||| INVOKING Heroism.
You gain the combat prowess of a mighty hero.
The gnoll hits you from afar with a +0 spear.
The gnoll barely misses you. The gnoll closely misses you.
The gnoll misses you.
The gnoll throws a stone.
The stone hits you but does no damage.
The gnoll bouda hits you with a +0 club.
You shoot a bolt. The bolt hits the gnoll bouda!
You kill the gnoll bouda!
Okawaru accepts your kill. The gnoll barely misses you.
The gnoll closely misses you. The gnoll hits you with a +0 flail.
The gnoll hits you from afar with a +0 halberd!
You die...

..... ##...¤P¤¤
.....##....._¤P
.[.......¤P¤.g
#.........¤
#........¤
#.......#
#...gggg#
#.....))#######
#....g@)......#
#######.......#
#.......##
#..%8...8#
####.....#
#8...<..##
###........#
#8...\...8.#
#............#


You could see 5 gnolls.

Vanquished Creatures
  Sigmund (D:2)
  A sky beast (D:7)
  2 phantoms (D:6)
  A bullfrog (D:6)
  A scorpion (D:6)
  6 hounds
  A jelly (D:6)
  A human zombie (Ossuary)
  An orc priest (D:4)
  2 gnoll boudas (D:7)
  2 iguanas
  Ijyb (D:5)
  Natasha (D:2)
  2 orc wizards
  2 hound zombies (Ossuary)
  4 mummies (Ossuary)
  2 gnolls (D:7)
  4 adders
  A shadow imp (D:6)
  An ufetubus (D:3)
  An adder zombie (Ossuary)
  2 worms
  A dart slug (D:5)
  23 orcs
  6 ball pythons
  12 endoplasms
  3 giant cockroaches
  2 gnoll zombies (Ossuary)
  17 goblins
  8 hobgoblins
  4 kobolds
  10 quokkas
  5 bats
  6 frilled lizards
  2 goblin zombies (Ossuary)
  2 hobgoblin zombies (Ossuary)
  4 rats
  2 rat zombies (Ossuary)
147 creatures vanquished.

Vanquished Creatures (others)
  An orc wizard (D:5)
1 creature vanquished.

Grand Total: 148 creatures vanquished

Notes
Turn   | Place    | Note
-------+----------+-------------------------------------------
     0 | D:1      | qw the Minotaur Hexslinger began the quest for the Orb.
     0 | D:1      | Reached XP level 1. HP: 16/16 MP: 1/1
     0 | D:1      | 0 ||| qw: Version: 0.3-a-46-gb1f654a
     0 | D:1      | 0 ||| qw: Game counter: 1845
     0 | D:1      | 0 ||| qw: Melee chars always use a shield: true
     0 | D:1      | 0 ||| qw: God list: Okawaru
     0 | D:1      | 0 ||| qw: Allow faded altars: false
     0 | D:1      | 0 ||| qw: Do Orc after clearing Dungeon:15 true
     0 | D:1      | 0 ||| qw: Do second Lair branch before Depths: true
     0 | D:1      | 0 ||| qw: Lair rune preference: random
     0 | D:1      | 0 ||| qw: Goals: Normal
     0 | D:1      | 0 ||| PLANNING D:1-11
   189 | D:1      | Reached skill level 3 in Ranged Weapons
   189 | D:1      | Reached XP level 2. HP: 21/23 MP: 2/2
   250 | D:1      | 250 ||| Stepping ~*~*~tactically~*~*~ (water).
   681 | D:1      | 681 ||| UPGRADING to +0 ring mail.
   691 | D:1      | 691 ||| DROPPING +0 robe.
   692 | D:1      | 692 ||| UPGRADING to +0 pair of boots.
   697 | D:1      | 697 ||| READING scroll labelled BOILAE UDDUDA.
   698 | D:1      | 698 ||| READING scroll labelled DUSCHU ISAWAMMO.
   702 | D:1      | 702 ||| READING scroll labelled BEM RYDDYANGOQ.
   702 | D:1      | Identified a scroll of acquirement
   702 | D:1      | 702 ||| ACQUIRING +4 heavy shortbow
   702 | D:1      | Acquired a +4 heavy shortbow
   704 | D:1      | 704 ||| SWAPPING to +4 heavy shortbow.
   705 | D:1      | 705 ||| DROPPING +2 sling.
   706 | D:1      | 706 ||| DROPPING scroll of poison.
   776 | D:2      | Reached XP level 3. HP: 29/29 MP: 3/3
   780 | D:2      | Noticed Sigmund
   786 | D:2      | Killed Sigmund
   787 | D:2      | Reached skill level 6 in Ranged Weapons
   787 | D:2      | Reached XP level 4. HP: 30/36 MP: 4/4
   787 | D:2      | Reached XP level 5. HP: 34/41 MP: 5/5
   890 | D:2      | Reached skill level 1 in Armour
  1070 | D:2      | 1070 ||| READING scroll of enchant weapon.
  1070 | D:2      | 1070 ||| ENCHANTING +4 heavy shortbow.
  1351 | D:2      | Noticed Natasha
  1355 | D:2      | Killed Natasha
  1356 | D:2      | Reached skill level 3 in Fighting
  1438 | D:2      | 1438 ||| UPGRADING to +0 pair of gloves.
  1443 | D:2      | 1443 ||| READING scroll labelled HIXUCU ANUEMP.
  1444 | D:2      | 1444 ||| READING scroll labelled ZAM JAEDUT.
  1586 | D:3      | Found a sparkling altar of Nemelex Xobeh.
  1637 | D:3      | Found a shadowy altar of Dithmenos.
  1643 | D:3      | Reached XP level 6. HP: 51/51 MP: 6/6
  1922 | D:3      | Found a basalt altar of Yredelemnul.
  2025 | D:3      | 2025 ||| UPGRADING to +0 cloak.
  2030 | D:3      | 2030 ||| READING scroll labelled BORUSI GABE.
  2031 | D:3      | 2031 ||| READING 2 scrolls labelled DOUN VUOROTORUSE.
  2032 | D:3      | 2032 ||| READING scroll labelled SILUNEG ZUQU.
  2033 | D:3      | 2033 ||| DROPPING scroll of immolation.
  2592 | D:4      | Found a staircase to the Ecumenical Temple.
  2593 | D:4      | 2593 ||| PLANNING TEMPLE
  2593 | D:4      | 2593 ||| READING scroll labelled USECZO SOLIC.
  2694 | D:4      | 2694 ||| DRINKING 2 fuming sapphire potions.
  2701 | Temple   | Entered the Ecumenical Temple
  2702 | Temple   | 2702 ||| PLANNING OKAWARU WORSHIP
  2740 | Temple   | Became a worshipper of Warmaster Okawaru
  2741 | Temple   | 2741 ||| PLANNING D:1-11
  2848 | D:5      | Entered Level 5 of the Dungeon
  2962 | D:5      | Found a broken altar of Ashenzari.
  3044 | D:5      | 3044 ||| Stepping ~*~*~tactically~*~*~ (outnumbered).
  3056 | D:5      | Reached skill level 7 in Ranged Weapons
  3232 | D:5      | Noticed Ijyb
  3235 | D:5      | Reached XP level 7. HP: 38/59 MP: 7/7
  3239 | D:5      | Killed Ijyb
  3547 | D:5      | 3547 ||| READING scroll labelled HUCEVIYRHO.
  3548 | D:5      | 3548 ||| DRINKING 2 dark potions.
  3584 | D:6      | 3584 ||| PLANNING OSSUARY
  3604 | D:6      | Found a glowing drain.
  3650 | D:6      | Reached skill level 8 in Ranged Weapons
  3659 | D:6      | Reached * piety under Okawaru
  3689 | D:6      | 3689 ||| INVOKING Heroism.
  3828 | D:6      | Reached skill level 1 in Invocations
  3874 | D:6      | Found a radiant altar of Vehumet.
  4239 | D:6      | Found a sand-covered staircase.
  4240 | D:6      | 4240 ||| SWAPPING to +0 arbalest.
  4241 | D:6      | 4241 ||| DROPPING +5 heavy shortbow.
  4242 | D:6      | 4242 ||| DRINKING 2 emerald potions.
  4243 | D:6      | 4243 ||| DRINKING 2 coppery potions.
  4243 | D:6      | Gained mutation: Your magical capacity is low. (-10% MP)
                  | [potion of mutation]
  4244 | D:6      | 4244 ||| DROPPING potion of attraction.
  4251 | Ossuary  | Entered an ossuary
  4261 | Ossuary  | 4261 ||| INVOKING Heroism.
  4266 | Ossuary  | HP: 13/61 [human zombie (5)]
  4267 | Ossuary  | 4267 ||| READING scroll of teleportation.
  4268 | Ossuary  | 4268 ||| DRINKING potion of heal wounds.
  4280 | Ossuary  | 4280 ||| FLEEEEING.
  4281 | Ossuary  | 4281 ||| INVOKING Heroism.
  4304 | Ossuary  | Reached XP level 8. HP: 55/68 MP: 7/7
  4408 | Ossuary  | 4408 ||| READING scroll of acquirement.
  4408 | Ossuary  | 4408 ||| ACQUIRING 875 gold pieces
  4408 | Ossuary  | Acquired 875 gold pieces
  4454 | Ossuary  | 4454 ||| READING 2 scrolls of acquirement.
  4454 | Ossuary  | 4454 ||| ACQUIRING amulet of regeneration
  4454 | Ossuary  | Acquired an amulet of regeneration
  4456 | Ossuary  | 4456 ||| UPGRADING to amulet of regeneration.
  4461 | Ossuary  | 4461 ||| READING scroll of acquirement.
  4461 | Ossuary  | 4461 ||| ACQUIRING +2 pair of gloves "Miletic" {Int-3
                  | Dex+4}
  4461 | Ossuary  | Acquired the +2 pair of gloves "Miletic" {Int-3 Dex+4}
  4463 | Ossuary  | 4463 ||| UPGRADING to +2 pair of gloves "Miletic" {Int-3
                  | Dex+4}.
  4473 | Ossuary  | 4473 ||| DROPPING +0 pair of gloves.
  4516 | Ossuary  | 4516 ||| RIP SEWER
  4516 | Ossuary  | 4516 ||| READING 2 scrolls labelled VEESAXZAIR.
  4517 | Ossuary  | 4517 ||| DRINKING 2 yellow potions.
  4518 | Ossuary  | 4518 ||| DROPPING potion of degeneration.
  4519 | Ossuary  | 4519 ||| DROPPING scroll of revelation.
  4533 | D:6      | 4533 ||| PLANNING D:1-11
  4581 | D:6      | Reached skill level 3 in Invocations
  4932 | D:6      | Found an ornate altar of the Wu Jian Council.
  5054 | D:7      | Found Ykhlelei's Weapon Shop.
  5072 | D:7      | Found a hazy altar of Hepliaklqana.
  5075 | D:7      | 5075 ||| Stepping ~*~*~tactically~*~*~ (outnumbered).
  5077 | D:7      | 5077 ||| Stepping ~*~*~tactically~*~*~ (outnumbered).
  5081 | D:7      | 5081 ||| INVOKING Heroism.
  5090 | D:7      | HP: 12/68 [gnoll/+2 heavy halberd[a gnoll bouda] (18)]
  5091 | D:7      | 5091 ||| DRINKING 3 potions of heal wounds.
  5093 | D:7      | 5093 ||| DRINKING 2 potions of heal wounds.
  5096 | D:7      | HP: 13/68 [gnoll/+0 halberd[a gnoll bouda] (9)]
  5097 | D:7      | 5097 ||| DRINKING potion of heal wounds.
  5099 | D:7      | Reached skill level 9 in Ranged Weapons
  5100 | D:7      | 5100 ||| INVOKING Heroism.
  5101 | D:7      | HP: 4/68 [gnoll/+0 flail[a gnoll bouda] (4)]
  5101 | D:7      | Mangled by a gnoll

Levels and vault maps discovered:
D:1:      lightli_arrival_flooded_house, layout_loops_ring, minmay_crystal_water
D:2:      cheibrodos_greedy_goblins, layout_loops_ring, minmay_pentomino_u2,
          uniq_sigmund, uniq_natasha
D:3:      layout_basic, grunt_dithmenos_smoke_and_mirrors, marbit_many_paths,
          mainiacjoe_overflow_catwalk
D:4:      layout_cave_pods, minmay_temple_entry_overgrown, feat_on_display
D:5:      layout_cave_pools, nicolae_overflow_crystal_walls, uniq_ijyb
D:6:      layout_layer_cave, nzn_wu_jian_council_hall, nicolae_vehumet_radiance,
          portal_sewer_entry_f, nicolae_ossuary_entry_monument, dk_vineyard_1
D:7:      layout_basic, nicolae_hepliaklqana_hazy_memory, serial_shops,
          nicolae_stop_n_shop_1
Temple:   nicolae_temple_ecumenical_triangle

Skill      XL: |  1  2  3  4  5  6  7  8 |
---------------+-------------------------+-----
Ranged Weapons | 3 6 7 8 9 |  9.0
Fighting       | 2 3 4 5 |  5.0
Armour         | 1 2 |  2.5
Invocations    | 2 3 |  3.5
Dodging        | |  2.2
Spellcasting   | |  1.0
Hexes          | |  2.0

Action                     |  1- 3 |  4- 6 |  7- 9 || total
---------------------------+-------+-------+-------++-------
   Fire: Sling             |    52 |       |       ||    52
         Shortbow          |    15 |   140 |    43 ||   198
         Arbalest          |       |       |    63 ||    63
 Invoke: Heroism           |       |       |     5 ||     5
    Use: Scroll            |     3 |     7 |     6 ||    16
         Potion            |       |     1 |     8 ||     9
 Armour: Robe              |     4 |       |       ||     4
         Ring mail         |     5 |    21 |    80 ||   106
  Dodge: Dodged            |    17 |    38 |   164 ||   219

Table legend:
 A = Non-vault XP
 B = Vault XP
 C = Vault XP percentage of total XP
 D = Non-vault monster count
 E = Vault monster count
 F = Vault count percentage of total count
                 A         B        C        D         E       F
            +---------+---------+-------+---------+---------+-------
      Total |    1384 |     492 |  26.2 |     115 |      33 |  22.3
            +---------+---------+-------+---------+---------+-------
        D:1 |      33 |       0 |   0.0 |      20 |       0 |   0.0
        D:2 |      52 |     277 |  84.2 |      20 |      11 |  35.5
        D:3 |      51 |       1 |   1.9 |      18 |       1 |   5.3
        D:4 |     121 |       0 |   0.0 |      21 |       0 |   0.0
        D:5 |     232 |      36 |  13.4 |      15 |       1 |   6.2
        D:6 |     658 |       8 |   1.2 |      16 |       4 |  20.0
        D:7 |     237 |       0 |   0.0 |       5 |       0 |   0.0
    Ossuary |       0 |     170 | 100.0 |       0 |      16 | 100.0
            +---------+---------+-------+---------+---------+-------
